 Dungeon Crawl Stone Soup version 0.25.1-2-g60ff931df9 (webtiles) character file.

Game seed: 12271050108089386057

88 HawFromDerth the Magician (level 4, -1/24 HPs)
             Began as a Deep Elf Fire Elementalist on Sept 23, 2020.
             Slain by a hound (5 damage)
             ... on level 2 of the Dungeon.
             The game lasted 00:05:45 (2980 turns).

HawFromDerth the Magician (DEFE)                    Turns: 2980, Time: 00:05:46

Health: -1/24      AC:  2    Str:  5    XL:     4   Next: 29%
Magic:  6/12       EV: 13    Int: 21    God:
Gold:   28         SH:  0    Dex: 15    Spells: 7/11 levels left

rFire    . . .     SeeInvis .   (no weapon)
rCold    . . .     Gourm    .   (no shield)
rNeg     . . .     Faith    .   a - +0 robe
rPois    .         Spirit   .   (no helmet)
rElec    .         Reflect  .   (no cloak)
rCorr    .         Harm     .   (no gloves)
MR       .....                  (no boots)
Stlth    ++........             (no amulet)
HPRegen  0.08/turn              (no ring)
MPRegen  0.13/turn              (no ring)

@: no status effects
A: no striking features
a: no special abilities


You were on level 2 of the Dungeon.
You were not hungry.

You visited 1 branch of the dungeon, and saw 2 of its levels.

You collected 28 gold pieces.

Inventory:

Armour
 a - a +0 robe (worn)
Potions
 b - a potion of might {unknown}
 f - a potion of degeneration
Comestibles
 c - 4 rations
 d - 2 chunks of flesh


   Skills:
 + Level 2.5 Dodging
 + Level 3.2 Stealth
 + Level 4.2 Spellcasting
 + Level 2.2 Conjurations
 + Level 4.1 Fire Magic


You had 7 spell levels left.
You knew the following spells:

 Your Spells              Type           Power        Failure   Level  Hunger
a - Foxfire               Conj/Fire      ###.         3%          1    None
b - Inner Flame           Hex/Fire       ##......     16%         3    ###....

Your spell library contained the following spells:

 Spells                   Type           Power        Failure   Level  Hunger
 Conjure Flame            Conj/Fire      ###.....     10%         3    ###....
 Sticky Flame             Conj/Fire      ###.....     30%         4    ####...
 Fireball                 Conj/Fire      ###.......   65%         5    ######.


Dungeon Overview and Level Annotations

Branches:
Dungeon (2/15)

Altars:
Makhleb


Message History

Your foxfire dissipates!
Casting: Foxfire (safe; 3% risk of failure)
Confirm with . or Enter, or press ? or * to list all spells.
You conjure some foxfire!
The hound bites you.
* * * LOW HITPOINT WARNING * * *
The hound barely misses you.
Your foxfire dissipates!
The foxfire hits the hound.
The hound is moderately wounded.
Casting: Foxfire (safe; 3% risk of failure)
Confirm with . or Enter, or press ? or * to list all spells.
You conjure some foxfire!
The hound bites you but does no damage. The hound bites you.
* * * LOW HITPOINT WARNING * * *
Your foxfire dissipates!
The foxfire hits the hound.
The hound is heavily wounded.
As you read the scroll labeled BENNEA OLLY, it crumbles to dust.
The scroll dissolves into smoke.
It was a scroll of fog.
The hound bites you.
You die...

#.# ..........# #.# ..........
#.# ......... #.# ..(...
#.########## ## ....#+##
#..........# . #..#..#
#..........###### ########..##.#
#§§§............#
##...........###@######........##
##.###.##...(..§h# #..........
##.###§#####..§#§# #.........)
.......# #...#.# ####.......
######## #...#.###### #...^... #
#.#.#......# ########
#...#.##...# ###.#<# ....# ..#.#
..!.#


You could see a hound.

Vanquished Creatures
  3 adders (D:2)
  3 worms (D:2)
  3 dart slugs
  4 leopard geckos
  6 bats
  7 goblins
  4 hobgoblins (D:1)
  6 kobolds
  3 frilled lizards (D:1)
  4 rats
43 creatures vanquished.

Vanquished Creatures (others)
  133 foxfires
133 creatures vanquished.

Grand Total: 176 creatures vanquished

Notes
Turn   | Place    | Note
-------+----------+-------------------------------------------
     0 | D:1      | HawFromDerth the Deep Elf Fire Elementalist began the quest
                  | for the Orb.
     0 | D:1      | Reached XP level 1. HP: 10/10 MP: 6/6
   369 | D:1      | Reached XP level 2. HP: 15/15 MP: 2/8
  1287 | D:1      | Reached XP level 3. HP: 19/19 MP: 7/10
  2137 | D:1      | Learned a level 3 spell: Inner Flame
  2498 | D:2      | Reached XP level 4. HP: 20/24 MP: 8/12
  2964 | D:2      | Found a burning altar of Makhleb.
  2980 | D:2      | Slain by a hound

Illustrated notes

Levels and vault maps discovered:
D:1:      dpeg_arrival_windows_large_door, layout_loops_cross
D:2:      layout_basic, makhleb_heckhound_becter, first_ration,
          solitary_fountain, kennysheep_minor_cross

Skill      XL: |  1  2  3 |
---------------+----------+-----
Conjurations   | 2 |  2.2
Fire Magic     | 4 |  4.1
Spellcasting   | 4 |  4.2
Stealth        | 3 |  3.2
Dodging        | |  2.5

Action                   |  1- 3 |  4- 6 || total
-------------------------+-------+-------++-------
 Cast: Foxfire           |    83 |    27 ||   110
  Use: Scroll            |     3 |     1 ||     4
       Potion            |     1 |       ||     1
  Eat: Chunk             |     4 |     2 ||     6
Armor: Robe              |       |     1 ||     1
Dodge: Dodged            |    14 |     4 ||    18
